 Dungeon Crawl Stone Soup version 0.29.1-15-g9cfb28693d (webtiles) character file.

Game seed: 11566331050456983520

4 Descartes the Ducker (level 1, 0/10 HPs)
             Began as a Felid Monk on Apr 6, 2023.
             Frozen to death by an endoplasm (5 damage)
             ... on level 1 of the Dungeon.
             The game lasted 00:00:12 (257 turns).

Descartes the Ducker (Felid Monk)                    Turns: 257, Time: 00:00:13

Health: 0/10       AC:  1    Str:  7    XL:     1   Next: 50%
Magic:  2/2        EV: 19    Int: 11    God:
Gold:   0          SH:  0    Dex: 18    Spells: 0/0 levels left
                                        Lives:  0   Deaths: 0

rFire   . . .      SeeInvis +     - Unarmed
rCold   . . .      Faith    .   (shield unavailable)
rNeg    . . .      Spirit   .   (body armour unavailable)
rPois   .          Reflect  .   (helmet unavailable)
rElec   .          Harm     .   (cloak unavailable)
rCorr   .          Rampage  .   (gloves unavailable)
Will    .....                   (boots unavailable)
Stlth   ++........              (no amulet)
HPRegen 0.03/turn               (no ring)
MPRegen 0.08/turn               (no ring)

@: quick
A: very small, claws 1, fangs 3, see invisible, speed 1, shaggy fur 1, stealthy
paws, no weapons or thrown items, no armour, multi-lived
a: no special abilities


You were on level 1 of the Dungeon.
You visited 1 branch of the dungeon, and saw 1 of its levels.

Inventory:

Potions
 a - a potion of ambrosia
 b - a potion of brilliance {unknown}


   Skills:
 - Level 3.0 Fighting
 + Level 4.2 Dodging
 - Level 2.6 Stealth
 + Level 3.1 Unarmed Combat


You couldn't memorise any spells.
You didn't know any spells.
Your spell library was empty.

Dungeon Overview and Level Annotations

Branches:
Dungeon (1/15)

Altars:


Innate Abilities, Weirdness & Mutations

You have sharp claws.
You have razor-sharp teeth.
You have supernaturally acute eyesight. (SInv)
You cover ground quickly. (Speed+)
You are covered in fur. (AC +1)
Your paws help you pounce on unaware monsters.
You are incapable of wielding weapons or throwing items.
You cannot wear armour.
You gain extra lives every three experience levels.


Message History

You scratch the ball python. Your bite misses the ball python.
The ball python is severely wounded.
A nearby plant withers and dies.
The ball python misses you. The ball python constricts you.
You scratch the ball python.
You kill the ball python!
The endoplasm barely misses you.
You barely miss the endoplasm. You bite the endoplasm.
The endoplasm is moderately wounded.
The endoplasm hits you. The endoplasm closely misses you.
You are too injured to fight recklessly!
You are too injured to fight recklessly!
You are too injured to fight recklessly!
You are too injured to fight recklessly!
You are too injured to fight recklessly!
You are too injured to fight recklessly!
You are too injured to fight recklessly!
You are too injured to fight recklessly!
You are too injured to fight recklessly!
You are too injured to fight recklessly!
You are too injured to fight recklessly!
You are too injured to fight recklessly!
You are too injured to fight recklessly!
You are too injured to fight recklessly!
You are too injured to fight recklessly!
Unknown command.
You scratch the endoplasm but do no damage.
The endoplasm is moderately wounded.
The endoplasm misses you.
The endoplasm hits the bush but does no damage.
You barely miss the endoplasm.
The endoplasm is moderately wounded.
The endoplasm closely misses you.
The endoplasm hits the bush but does no damage.
You scratch the endoplasm.
The endoplasm is severely wounded.
The endoplasm freezes you.
You are frozen.
Ouch! That really hurt!
You die...

.PP♣.. P...P######
♣.....# # ♣♣#.###.#
#. #...#...##. #
♣#####.###.♣ .#
#......#.#P♣♣♣♣.# .
#.######...P.♣..#...
#..........@PPP.....
#......#.###JJ......
#........# #†.......
#.#....### #.....##.
######.######
#!.....# ..........#
#.###### #########.#
#.# # #.# ..#


You could see 2 endoplasms.

Vanquished Creatures
  A ball python (D:1)
  A hobgoblin (D:1)
  A bat (D:1)
  A rat (D:1)
4 creatures vanquished.

Vanquished Creatures (others)
  A plant (D:1)
1 creature vanquished.

Grand Total: 5 creatures vanquished

Notes
Turn   | Place    | Note
-------+----------+-------------------------------------------
     0 | D:1      | Descartes the Felid Monk began the quest for the Orb.
     0 | D:1      | Reached XP level 1. HP: 10/10 MP: 2/2
   257 | D:1      | Frozen to death by an endoplasm

Illustrated notes

Levels and vault maps discovered:
D:1:      onia_arrival_mini_maze, layout_basic,
          hellmonk_ecumenical_altar_leap_of_faith, serial_forest,
          infiniplex_forest_straight_4, infiniplex_forest_clump_small,
          infiniplex_forest_clump_small, infiniplex_forest_clump_double,
          infiniplex_forest_end_double, infiniplex_forest_join

Action                   || total
-------------------------++-------
Melee: Unarmed           ||    10
       Bite              ||     1
Armor: Skin              ||     1
Dodge: Dodged            ||    11
